 Dungeon Crawl Stone Soup version 0.32-a0-711-g016ad74 (webtiles) character file.

Game seed: 7711186727905519817

524 PidgeyThePirate the Shooter (level 7, -1/117 HPs)
             Began as a Coglin Hunter on Mar 15, 2024.
             Slain by Edmund
             ... wielding a +2 dire flail of protection
              (7 damage)
             ... on level 4 of the Dungeon.
             The game lasted 00:05:12 (2629 turns).

PidgeyThePirate the Shooter (Coglin Hunter)         Turns: 2629, Time: 00:05:13

Health: -1/117     AC: 23    Str: 13    XL:     7   Next: 22%
Magic:  7/7        EV:  2    Int:  8    God:
Gold:   223        SH:  0    Dex: 18    Spells: 6/6 levels left

rFire   + . .        a - +2 sling {Nodoka}
rCold   + . .        d - +0 sling {Suchat}
rNeg    . . .        c - melded +0 leather armour
rPois   +            (helmet currently unavailable)
rElec   +            (cloak currently unavailable)
rCorr   +            (gloves currently unavailable)
SInv    .            (boots currently unavailable)
Will    .....        (no amulet) Stlth
                     (no ring)
HPRegen 0.39/turn    (no ring)
MPRegen 0.10/turn    (no gizmo)

%: no passive effects
@: brilliant, berserking (expiring), tree-form, resistant, attractive, revved,
very quick
A: stationary, stasis, torment immunity, boosted hp, off-hand wielding, slow
wielding, warmup strikes, (no jewellery)
a: Invent Gizmo


You were on level 4 of the Dungeon.
You were a tree.
You visited 1 branch of the dungeon, and saw 4 of its levels.

You collected 223 gold pieces.

Inventory:

Hand Weapons
 a - a +2 sling (weapon) {Nodoka}
 d - a +0 sling (offhand) {Suchat}
Armour
 c - a +0 leather armour (melded)
Scrolls
 e - 2 scrolls of fear {unknown}
 f - a scroll of enchant armour {unknown}
 h - 2 scrolls of enchant weapon {unknown}
 i - a scroll of fog {unknown}
 j - 6 scrolls of identify {unknown}
 l - 3 scrolls of teleportation {unknown}
 m - a scroll of amnesia {unknown}
 n - 2 scrolls of immolation {unknown}
 p - a scroll of poison {unknown}
 u - a scroll of blinking {unknown}
Potions
 o - a potion of brilliance
 t - a potion of haste {unknown}


   Skills:
 + Level 3.5 Fighting
 + Level 6.9 Ranged Weapons
 + Level 1.2 Armour
 + Level 2.1 Dodging
 + Level 0.8 Stealth


You had 6 spell levels left.
You didn't know any spells.
Your spell library contained the following spells:

 Spells                   Type           Power      Damage    Failure   Level
 Kiss of Death            Conj/Necr      0%         2d5       41%         1
 Blink                    Tloc           0%         N/A       54%         2
 Call Imp                 Summ           0%         N/A       54%         2
 Lesser Beckoning         Tloc           0%         N/A       54%         2
 Momentum Strike          Conj/Tloc      0%         3d8       54%         2
 Sublimation of Blood     Necr           0%         N/A       54%         2
 Confusing Touch          Hex            0%         N/A       78%         3
 Dispel Undead            Necr           0%         3d6       99%         4
 Alistair's Intoxication  Alch           0%         N/A       100%        5
 Borgnjor's Vile Clutch   Necr/Erth      0%         N/A       100%        5
 Eringya's Noxious Bog    Alch           0%         4d6       100%        6
 Summon Hydra             Summ           0%         N/A       100%        7


Dungeon Overview and Level Annotations

Branches:
Dungeon (4/15)
 Temple: D:4-7

Altars:
Fedhas
Xom

Shops:
D:3 (

Annotations:
D:4 Edmund


Innate Abilities, Weirdness & Mutations

You are a tree.
Your roots penetrate the ground, keeping you stationary.
You cannot be teleported.
You are immune to unholy pain and torment.
Your maximum health is greatly increased.
Your equipment is partially melded.
You can wield a second weapon in your off-hand.
It takes a long time for you to wield or remove held weapons.
Your first few attacks do less damage.
((You cannot equip rings or amulets.))


Message History

Edmund barely misses your butterfly. Edmund is attracted toward you.
You are too berserk!
Unknown command.
You feel a strong urge to attack something.
You clumsily bash Edmund with your +2 sling.
Edmund is severely wounded.
You clumsily bash Edmund but do no damage.
Edmund hits you but does no damage.
You clumsily bash Edmund but do no damage.
Edmund is severely wounded.
You barely miss Edmund with your +0 sling.
Edmund hits you but does no damage.
You clumsily bash Edmund with your +2 sling.
Edmund is almost dead.
You barely miss Edmund with your +0 sling.
Edmund hits you but does no damage.
You clumsily bash Edmund with your +0 sling.
Edmund is almost dead.
You clumsily bash Edmund but do no damage.
Your butterfly disappears in a burst of colours!
Edmund hits you with a +2 dire flail of protection.
* * * LOW HITPOINT WARNING * * *
You clumsily bash Edmund with your +0 sling.
Edmund is almost dead.
You clumsily bash Edmund but do no damage.
Your butterfly disappears in a burst of colours!
Edmund hits you with a +2 dire flail of protection!
* * * LOW HITPOINT WARNING * * *
You closely miss Edmund with your +0 sling.
Edmund is almost dead.
You clumsily bash Edmund but do no damage.
Edmund hits you with a +2 dire flail of protection.
* * * LOW HITPOINT WARNING * * *
You clumsily bash Edmund but do no damage.
Edmund is almost dead.
You barely miss Edmund with your +0 sling.
Your butterfly disappears in a burst of colours!
Edmund hits you with a +2 dire flail of protection!
You die...
Edmund whines, "They better pay attention to me now!"

#......................#####
#...........................
#...................#..####.
#...................#.....#.
#..†.......b.b......#.###.#.
#.........b....b....#.....##
######........bb.b..bb..#####...#
.).##.........b.b....b...####.#.#
<)..†)......#.b.♣.bbbb......#.#..
...............b@.b.......#.#.##.
..........#.).b.bbbbbb....#.#...)
..........###....b..b.....#......
.........## #...bbb.......###....
...##...## ####..bb.......###...
######### #...........# #...
#####...........###...
#...b...b..........†..


You could see Edmund (ally target).

Vanquished Creatures
  An ogre (D:4)
  2 phantoms
  A bombardier beetle (D:3)
  A hound (D:4)
  A sleepcap (D:4)
  An iguana (D:4)
  An orc wizard (D:3)
  Robin (D:4)
  4 adders (D:3)
  A dart slug (D:3)
  A ribbon worm (D:2)
  5 orcs
  6 ball pythons
  11 endoplasms
  A giant cockroach (D:3)
  10 hobgoblins
  4 jackals (D:1)
  6 bats
  6 frilled lizards
  13 goblins
  4 kobolds
  4 rats
85 creatures vanquished.

Notes
Turn   | Place    | Note
-------+----------+-------------------------------------------
     0 | D:1      | PidgeyThePirate the Coglin Hunter began the quest for the
                  | Orb.
     0 | D:1      | Reached XP level 1. HP: 16/16 MP: 1/1
   359 | D:1      | Reached XP level 2. HP: 22/22 MP: 2/2
   374 | D:1      | Reached skill level 4 in Ranged Weapons
  1080 | D:2      | Reached XP level 3. HP: 27/27 MP: 3/3
  1187 | D:2      | Found a blossoming altar of Fedhas.
  1579 | D:3      | Reached XP level 4. HP: 30/34 MP: 4/4
  1645 | D:3      | Reached skill level 5 in Ranged Weapons
  1702 | D:3      | Found a shimmering altar of Xom.
  1787 | D:3      | Reached XP level 5. HP: 39/39 MP: 5/5
  1794 | D:3      | Found a faded altar of an unknown god.
  1974 | D:3      | Found Hukhe's Antique Weapon Boutique.
  2082 | D:4      | Noticed an ogre
  2084 | D:4      | Noticed a phantom
  2088 | D:4      | Killed an ogre
  2089 | D:4      | Reached skill level 6 in Ranged Weapons
  2089 | D:4      | Reached XP level 6. HP: 38/47 MP: 6/6
  2290 | D:4      | Reached skill level 1 in Armour
  2312 | D:4      | Reached XP level 7. HP: 40/52 MP: 7/7
  2389 | D:4      | Noticed Robin
  2394 | D:4      | Killed Robin
  2596 | D:4      | Noticed Edmund
  2629 | D:4      | Slain by Edmund

Illustrated notes

Levels and vault maps discovered:
D:1:      erik_arrival_triangle_small, layout_loops_ring, serial_forest,
          infiniplex_forest_end_2, infiniplex_forest_clump_long,
          infiniplex_forest_corner_2, infiniplex_forest_corner_1,
          infiniplex_forest_straight_2, infiniplex_forest_end_1,
          infiniplex_forest_lined_2, infiniplex_forest_lined_corner,
          hangedman_decor_slide_cut
D:2:      layout_rooms, basic_altar, minmay_fractal_squares_5
D:3:      layout_rooms, xom_confusion_cloud, serial_shops, shop,
          hellmonk_ecumenical_altar_pennies_from_heaven
D:4:      layout_rooms, uniq_robin, uniq_menkaure, uniq_edmund

Skill      XL: |  1  2  3  4  5  6 |
---------------+-------------------+-----
Ranged Weapons | 4 5 6 |  6.9
Dodging        | 2 |  2.1
Fighting       | 3 |  3.5
Armour         | 1 |  1.2
Stealth        | |  0.8

Action                     |  1- 3 |  4- 6 |  7- 9 || total
---------------------------+-------+-------+-------++-------
  Melee: Sling             |       |       |    14 ||    14
   Fire: Sling             |   124 |   212 |    86 ||   422
    Use: Potion            |       |       |     7 ||     7
         Scroll            |       |       |     1 ||     1
 Armour: Leather armour    |    25 |    33 |    18 ||    76
         Skin              |       |       |     7 ||     7
  Dodge: Dodged            |    32 |    28 |    15 ||    75

Table legend: (Time is in decaauts)
 A = Elapsed time spent in this place.
 B = Non-inter-level travel time spent in this place.
 C = Inter-level travel time spent in this place.
 D = Time resting spent in this place.
 E = Time spent auto-exploring this place.
 F = Levels seen in this place.
 G = Mean time per level.
                   A        B        C        D        E       F      G
               +--------+--------+--------+--------+--------+-----+--------+
         Total |   2665 |   2502 |    163 |      0 |   2011 |   4 |  666.2 |
       Dungeon |   2665 |   2502 |    163 |      0 |   2011 |   4 |  666.2 |
               +--------+--------+--------+--------+--------+-----+--------+

Top non-repeatable levels by time:
     D:1: 986 daAuts
     D:3: 711 daAuts
     D:2: 519 daAuts
     D:4: 447 daAuts
